Map: Lerilak Crest

Players

JusticeSimon - Winner!

  • Race: Terran Terran
  • League: Master

WhyAlwaysMe

  • Race: Protoss Protoss

VOD

Have the link to the VOD?

Description

Time

  • Played on: March 12, 2016, 10:59 p.m.
  • Length: 13:43
Show
View Real Time Build Order
Export as new Build Order

JusticeSimon Terran - Winner!

Build Orders: Reaper Expand, MMM Bio 

Get SALT Encoding   

  12  0:01  SCV  
  13  0:13  SCV  
  14  0:18  Supply Depot  
  14  0:25  SCV  
  15  0:40  SCV  
  15  0:41  Barracks  
  16  0:46  Refinery  
  16  0:52  SCV  
  18  1:04  SCV  
  18  1:16  SCV  
  19  1:29  Reaper  
  19  1:30  Orbital Command  
  20  1:50  Command Center  
  20  1:55  Refinery  
  20  1:57  SCV  
  21  2:03  Supply Depot  
  21  2:04  Barracks Reactor  
  21  2:17  SCV  
  22  2:26  Factory  
  22  2:29  SCV  
  23  2:41  SCV  
  23  2:42  Marine x2  
  26  2:53  SCV  
  27  3:00  Marine x2  
  27  3:03  Orbital Command  
  29  3:05  SCV  
  29  3:11  Widow Mine, Starport  
  32  3:18  SCV  
  33  3:29  SCV  
  33  3:30  Marine x2, SCV  
  36  3:39  Widow Mine  
  38  3:41  SCV  
  38  3:42  SCV  
  38  3:43  Supply Depot  
  38  3:47  Medivac  
  42  3:49  Barracks  
  42  3:51  Marine  
  42  3:54  SCV  
  42  3:55  SCV  
  45  4:01  Bunker  
  45  4:06  SCV  
  45  4:07  SCV  
  46  4:26  SCV x2  
  47  4:38  SCV x2  
  47  4:39  Marine x2  
  47  4:40  Starport Reactor  
  47  4:41  Factory Tech Lab  
  47  4:42  Barracks Tech Lab  
  47  4:45  Command Center  
  50  4:50  SCV x2  
  50  5:03  SCV x2  
  50  5:06  Marine x2  
  54  5:11  Stimpack  
  54  5:16  Marine  
  54  5:17  Siege Tank  
  54  5:18  SCV x2, Supply Depot  
  54  5:21  Supply Depot  
  60  5:23  Refinery  
  60  5:24  Marine  
  60  5:26  Refinery  
  61  5:30  Liberator  
  61  5:33  SCV x2  
  61  5:42  Marine x3  
  64  5:43  Medivac, Engineering Bay  
  69  5:57  Starport  
  69  5:58  Siege Tank  
  72  6:08  Marine x3  
  75  6:18  Terran Infantry Weapons Level 1  
  75  6:22  Orbital Command  
  75  6:25  SCV x2  
  77  6:26  Marine x3  
  77  6:31  Medivac x2  
  84  6:47  Liberator x2  
  84  6:53  SCV  
  84  6:54  SCV x2  
  87  6:58  Starport Reactor  
  87  7:00  Marine x3  
  90  7:03  Barracks  
  90  7:06  SCV x3  
  99  7:10  Barracks  
  99  7:17  Marine  
  99  7:18  SCV  
  101  7:23  Supply Depot  
  101  7:24  Supply Depot  
  101  7:28  Supply Depot  
  101  7:31  SCV  
  101  7:36  Liberator x4  
  93  7:47  Marine x2  
  93  7:48  Marine  
  92  7:55  SCV x3  
  92  7:57  Refinery  
  97  7:58  Refinery  
  97  8:05  Marine x3  
  93  8:07  SCV  
  97  8:19  Liberator x3  
  94  8:23  Marine x3  
  94  8:24  Marine x2  
  96  8:41  Marine x3  
  103  8:42  Marine x2  
  103  8:44  SCV x3  
  103  8:47  Siege Tank  
  113  8:51  Medivac  
  113  8:55  Barracks x2  
  115  8:58  Marine  
  115  8:59  Marine x2  
  115  9:00  Marine x2  
  99  9:16  Marine x2  
  99  9:17  Marine  
  100  9:19  Medivac  
  100  9:20  Barracks Reactor  
  100  9:21  Barracks Tech Lab  
  100  9:24  Combat Shields  
  96  9:34  Marine x2  
  96  9:36  Marauder  
  96  9:38  Siege Tank  
  103  9:39  SCV  
  103  9:40  SCV x2  
  103  9:45  Supply Depot  
  106  9:46  Terran Infantry Armor Level 1  
  106  9:47  Supply Depot  
  106  9:48  Liberator x2  
  106  9:49  Armory  
  106  9:52  Marine x2  
  108  9:55  Barracks Reactor  
  108  9:57  Marine, Barracks Tech Lab x2  
  109  10:01  Concussive Shells  
  109  10:02  Marine x2, Marauder  
  119  10:10  Marine x2  
  119  10:12  Supply Depot x3  
  119  10:14  Missile Turret  
  121  10:15  Supply Depot, Marauder  
  121  10:20  Marine x2  
  125  10:24  Marauder  
  125  10:28  Marine, Liberator x2  
  128  10:31  Liberator  
  126  10:41  Marine  
  126  10:42  Marine x2  
  130  10:43  Marauder x3  
  130  10:45  Marauder  
  143  10:52  Barracks  
  143  10:58  Command Center  
  143  11:02  Medivac  
  149  11:04  Marauder x3  
  151  11:25  Marine x7  
  155  11:28  Medivac x2  
  139  12:03  Marine  
  139  12:04  Marine x5  
  139  12:05  Marauder x2  
  139  12:06  Medivac x3  
  125  12:27  Marine, Marauder x3  
  125  12:28  Marine x3, Marauder  
  137  12:45  Marine x3  
  137  12:46  Marine  
  137  12:48  Marine x2, Marauder  
  137  12:49  Marauder  
  146  13:03  Marine  
  144  13:09  Marine  
  144  13:10  Marine x5  
  144  13:11  Marauder  
  144  13:12  Medivac x3  
Show
View Real Time Build Order
Export as new Build Order

WhyAlwaysMe Protoss 

Build Orders: 1 Gate Expand 

Get SALT Encoding   

  12  0:02  Probe (Chrono Boost)  
  13  0:13  Probe (Chrono Boost)  
  14  0:19  Pylon  
  14  0:24  Probe (Chrono Boost)  
  15  0:37  Probe (Chrono Boost)  
  15  0:39  Gateway  
  16  0:48  Probe (Chrono Boost)  
  17  0:58  Probe (Chrono Boost)  
  18  1:17  Nexus  
  18  1:26  Cybernetics Core  
  18  1:30  Assimilator  
  18  1:36  Assimilator  
  18  1:39  Probe (Chrono Boost)  
  19  1:50  Probe (Chrono Boost)  
  20  1:54  Pylon  
  20  2:00  Probe (Chrono Boost)  
  21  2:02  Adept (Chrono Boost)  
  23  2:12  Probe  
  23  2:24  Mothership Core (Chrono Boost)  
  25  2:37  Probe (Chrono Boost)  
  26  2:43  Probe (Chrono Boost)  
  27  2:46  Robotics Facility  
  27  2:47  Probe (Chrono Boost)  
  27  2:48  Warp Gate  
  28  2:55  Probe (Chrono Boost)  
  28  2:58  Probe (Chrono Boost)  
  30  3:08  Probe (Chrono Boost), Pylon  
  30  3:10  Gateway  
  31  3:15  Probe (Chrono Boost)  
  32  3:20  Probe (Chrono Boost), Pylon  
  32  3:30  Probe x2 (Chrono Boost)  
  32  3:34  Observer (Chrono Boost)  
  35  3:38  Adept  
  35  3:39  Probe  
  38  3:42  Probe  
  38  3:45  Twilight Council  
  39  3:50  Probe  
  39  3:54  Observer (Chrono Boost)  
  41  4:08  Probe  
  41  4:09  Probe  
  43  4:12  Immortal (Chrono Boost)  
  47  4:18  Probe  
  47  4:21  Probe  
  49  4:29  Probe  
  50  4:33  Probe  
  50  4:35  Assimilator  
  50  4:36  Blink (Chrono Boost)  
  49  4:39  Assimilator, Probe  
  50  4:45  Probe  
  50  4:47  Pylon  
  50  4:50  Probe  
  50  4:52  Stalker x2  
  54  4:58  Probe  
  55  5:00  Probe  
  55  5:06  Observer (Chrono Boost)  
  48  5:10  Probe  
  48  5:11  Probe  
  50  5:17  Pylon  
  50  5:27  Probe  
  52  5:28  Probe  
  51  5:37  Probe, Forge  
  51  5:38  Immortal (Chrono Boost)  
  51  5:39  Stalker x2  
  51  5:40  Probe  
  61  5:47  Pylon  
  61  5:53  Gateway  
  61  5:55  Gateway  
  61  6:00  Probe  
  61  6:01  Probe  
  63  6:11  Probe  
  63  6:13  Probe  
  63  6:14  Sentry x2  
  69  6:21  Probe  
  69  6:24  Gateway  
  69  6:25  Gateway, Observer (Chrono Boost)  
  71  6:26  Probe  
  71  6:32  Probe  
  72  6:38  Probe  
  72  6:42  Protoss Ground Weapons Level 1  
  72  6:43  Resonating Glaives  
  76  6:47  Immortal (Chrono Boost)  
  76  6:50  Adept  
  76  6:51  Adept  
  76  6:53  Probe  
  80  6:54  Probe  
  82  7:07  Stalker x2  
  86  7:25  Pylon  
  86  7:28  Pylon  
  74  7:39  Adept x3  
  74  7:40  Adept  
  59  8:04  Pylon  
  59  8:05  Gateway  
  59  8:08  Gateway  
  59  8:12  Stalker x6  
  67  8:18  Immortal (Chrono Boost)  
  69  8:32  Templar Archives, Pylon  
  69  8:45  Adept x6  
  81  8:53  Immortal (Chrono Boost)  
  83  9:31  Probe  
  81  9:32  Probe  
  81  9:33  Charge (Chrono Boost)  
  81  9:37  High Templar x3  
  89  9:42  Nexus  
  89  9:44  Protoss Ground Armor Level 1, Pylon  
  89  9:46  Pylon  
  89  9:51  High Templar, Pylon  
  91  9:53  Warp Prism (Chrono Boost)  
  91  9:54  Adept x2  
  91  9:56  Archon x2  
  97  10:03  Assimilator  
  97  10:08  Assimilator  
  97  10:12  Probe  
  97  10:13  Probe  
  99  10:23  Adept x2  
  99  10:24  Probe, Adept x4  
  97  10:53  Adept x4  
  105  11:13  Probe x2  
  107  11:19  Stalker x4  
  115  11:42  Zealot  
  115  11:43  Zealot x6  
  89  12:21  Stalker x7  
  89  12:22  Stalker  
  97  12:28  Immortal (Chrono Boost)  
  99  12:54  Zealot x3  
  99  12:55  Adept, Zealot  
  99  12:56  Adept x2  
  101  13:15  Sentry  
  101  13:16  Sentry  
  101  13:18  Zealot x5  
  115  13:25  Pylon  
Tags
 
Add a new tag
Caveats
  • Supply blocks, unpowered buildings, or Contaminate may cause inaccurate times.
  • Supply counts are checked every 10 seconds.